 Dungeon Crawl Stone Soup version 0.17.0-26-gececa24 (webtiles) character file.

19174 septik the Bludgeoner (level 12, -9/114 HPs)
             Began as a Gargoyle Fighter on Nov 20, 2015.
             Was an Elder of Okawaru.
             Mangled by youngkai's ghost (37 damage)
             ... in an ice cave.
             The game lasted 00:34:07 (13339 turns).

septik the Bludgeoner (Gargoyle Fighter)           Turns: 13339, Time: 00:34:08

Health: -9/114     AC: 26    Str: 27    XL:     12   Next: 66%
Magic:  0/12       EV:  2    Int: 11    God:    Okawaru [****..]
Gold:   817        SH: 11    Dex: 10    Spells: 0 memorised, 11 levels left

rFire  + . .     SeeInvis .     I - +9 hand axe of Ycrar {chop, rF+}
rCold  . . .     Clarity  .     (armour currently unavailable)
rNeg   + + +     SustAt   +     c - +0 shield
rPois  ∞         Gourm    .     (helmet currently unavailable)
rElec  .         Spirit   +     (cloak currently unavailable)
rCorr  .         Warding  .     (gloves currently unavailable)
rMut   .         NoTele   +     (boots currently unavailable)
MR     ++...                    v - amulet "Nasism" {Spirit MR++ Stlth-}
Stlth  +.........               w - ring of sustain attributes
                                m - ring of stealth

@: mighty, tree-form, very resistant to hostile enchantments, very unstealthy
A: negative energy resistance 1, (electricity resistance), (unbreathing),
petrification resistance, rot immunity, AC +8
a: Heroism, Renounce Religion


You were in an ice cave.
You worshipped Okawaru.
Okawaru was greatly pleased with you.
You were hungry.
You were a tree.
You visited 2 branches of the dungeon, and saw 13 of its levels.
You also visited: Ice Cave.

You collected 817 gold pieces.

Inventory:

Hand Weapons
 i - a +2 mace of draining
 I - the +9 hand axe of Ycrar (weapon) {chop, rF+}
   (You found it on level 6 of the Dungeon)

   It inflicts extra damage upon your enemies.
   It protects you from fire.
Missiles
 k - 150 sling bullets
 F - 17 steel sling bullets
Armour
 c - a +0 shield (worn)
 f - a +0 helmet (melded)
 y - the +6 plate armour of Efyog (melded) {*Confuse +Inv rC+}
   (You found it on level 2 of the Lair of Beasts)

   It protects you from cold.
   It lets you turn invisible.
   It may confuse you when you take damage.
 N - a +0 cloak (melded)
 Z - a +0 pair of boots (melded)
Magical Staves
 p - an uncursed staff of death
Jewellery
 g - an uncursed amulet of rage
 m - a ring of stealth (left branch)
 v - the amulet "Nasism" (around neck) {Spirit MR++ Stlth-}
   (You found it on level 3 of the Lair of Beasts)

   [amulet of guardian spirit]

   It causes incoming damage to be split between your health and magic.
   It affects your resistance to hostile enchantments.
   It makes you less stealthy.
 w - a ring of sustain attributes (right branch)
 A - an uncursed amulet of warding
 E - an uncursed ring of sustain attributes
Wands
 r - a wand of fire (10)
 x - a wand of digging (18)
Scrolls
 j - 4 scrolls of fear
 n - 5 scrolls of remove curse
 s - 6 scrolls of teleportation
 B - 8 scrolls of identify
 R - a scroll of magic mapping
 Y - a scroll of amnesia
Potions
 a - 2 potions of heal wounds {unknown}
 b - a potion of mutation
 d - 3 potions of might
 h - a potion of resistance
 l - a potion of beneficial mutation {unknown}
 o - a potion of degeneration
 q - 4 potions of curing
 u - 2 potions of cancellation
 z - a potion of berserk rage
Miscellaneous
 t - a stone of tremors
Comestibles
 e - 5 bread rations
 C - 10 chunks of flesh
 V - 10 fruits


   Skills:
 * Level 9.4 Fighting
 - Level 15.5 Maces & Flails
 + Level 7.0 Armour
 + Level 4.6 Dodging
 + Level 7.3 Shields


You had 11 spell levels left.
You didn't know any spells.

Dungeon Overview and Level Annotations

Branches:
Dungeon (9/15)             Temple (0/1) D:7            Lair (4/8) D:9
 Spider (0/4) Lair:3
  Swamp: Lair:3-6    Shoals: Lair:3-6       Orc: D:9-12

Altars:
Elyvilon
Fedhas
Kikubaaqudgha
Makhleb
Nemelex Xobeh
Okawaru
Qazlal
Sif Muna
Trog
Vehumet
Xom
Yredelemnul

Annotations:
D:2 Sigmund
D:6 1 exclusion IceCv youngkai's ghost, adept MiBe


Innate Abilities, Weirdness & Mutations

You are resistant to torment.
((Your stone body is resilient (AC +8).))
You are immune to poison.
You resist negative energy.
((You are resistant to electric shocks.))
((You can survive without breathing.))
You are immune to petrification.
You are immune to rotting.


Message History

Your +0 helmet melds into your body.
Your +0 pair of boots melds into your body.
The +6 plate armour of Efyog {*Confuse +Inv rC+} melds into your body.
Your roots penetrate the ground.
Youngkai's ghost hits you but does no damage.
You hit youngkai's ghost but do no damage.
You hit youngkai's ghost but do no damage.
Youngkai's ghost hits you but does no damage.
You hit youngkai's ghost but do no damage.
Youngkai's ghost hits you!
You feel your power leaking away.
You barely miss youngkai's ghost.
Youngkai's ghost hits you.
You feel your power leaking away.
You hit youngkai's ghost but do no damage.
Youngkai's ghost hits you!!
* * * LOW HITPOINT WARNING * * *
You feel your power leaking away.
Drink which item? (? for menu, Esc to quit)
You feel better.
Youngkai's ghost hits you!!!
You die...

#### #### #####..#
##..## ###......##
#.∩..# .......#..##
#....##
....#####..# #.∩..#
...## ##.## ##♣..##
#.## #..# #.W###
.## ##.# #.## .##
#.###..# #.#
#..##..# #.##
##.###.# ...#
##.##.##
÷#..####### #.##..#
.##.#..##.###.###.#


You could see youngkai's ghost.

Vanquished Creatures
  3 hydras (Lair:2)
  Nergalle (Lair:2)
  4 spiny frogs
  2 black mambas
  2 komodo dragons
  A two-headed ogre (D:8)
  11 polar bears (IceCv)
  2 fire drakes
  A redback (Lair:3)
  A hungry ghost (D:7)
  A steam dragon (Lair:3)
  18 yaks
  2 basilisks (Lair:1)
  6 water moccasins
  Edmund (D:6)
  12 wolves (IceCv)
  5 porcupines
  Duvessa (D:6)
  6 orc warriors
  A soldier ant (D:8)
  A spider (D:8)
  2 sky beasts
  2 black bears
  2 ice beasts
  7 ogres
  A wasp (D:8)
  5 phantoms
  A centaur (D:9)
  A big kobold (D:9)
  5 crocodiles
  6 giant frogs
  A brain worm (D:8)
  Dowan (D:6)
  A wyvern zombie (D:6)
  5 scorpions
  An electric eel (Lair:1)
  A crimson imp (D:8)
  3 jellies
  A centaur skeleton (D:9)
  2 giant frog zombies
  3 hounds
  5 orc priests
  A quasit (D:7)
  Ijyb (D:3)
  4 orc wizards
  A gnoll shaman (D:6)
  2 giant frog skeletons
  5 worker ants
  3 iguanas
  2 hell rats (D:9)
  A killer bee zombie (D:6)
  8 sheep (Lair:1)
  A hound skeleton (D:6)
  3 worker ant zombies
  9 gnolls
  A river rat (D:9)
  12 adders
  A shadow imp (D:6)
  4 oozes
  An adder skeleton (D:4)
  2 adder zombies
  5 worms
  33 orcs
  A ball python (D:1)
  11 hobgoblins
  14 kobolds
  4 bats
  3 giant cockroaches
  6 giant geckos
  4 giant newts
  5 goblins
  8 jackals
  8 quokkas
  13 rats
315 creatures vanquished.

Vanquished Creatures (others)
  An adder (D:3)
  A fungus (Lair:1)
  4 toadstools (D:1)
6 creatures vanquished.

Grand Total: 321 creatures vanquished

Notes
Turn   | Place    | Note
--------------------------------------------------------------
     0 | D:1      | septik the Gargoyle Fighter began the quest for the Orb.
     0 | D:1      | Reached XP level 1. HP: 14/14 MP: 1/1
   128 | D:1      | Reached XP level 2. HP: 19/19 MP: 2/2
   216 | D:1      | Found a stormy altar of Qazlal.
   389 | D:1      | Reached XP level 3. HP: 23/23 MP: 3/3
   792 | D:2      | Reached skill level 4 in Maces & Flails
   795 | D:2      | Reached XP level 4. HP: 25/28 MP: 4/4
   936 | D:2      | Found a faded altar to an unknown god.
  1096 | D:2      | Noticed Sigmund
  1309 | D:3      | Found a white marble altar of Elyvilon.
  1355 | D:3      | Reached skill level 5 in Maces & Flails
  1390 | D:3      | Reached XP level 5. HP: 30/32 MP: 5/5
  1466 | D:3      | Found a radiant altar of Vehumet.
  1501 | D:3      | Noticed Ijyb
  1521 | D:3      | Killed Ijyb
  1933 | D:3      | Found a basalt altar of Yredelemnul.
  2219 | D:4      | Reached skill level 6 in Maces & Flails
  2219 | D:4      | Reached XP level 6. HP: 35/37 MP: 6/6
  2329 | D:4      | Noticed a phantom
  2374 | D:4      | Killed a phantom
  2378 | D:4      | Found a deep blue altar of Sif Muna.
  2410 | D:4      | Reached skill level 7 in Maces & Flails
  2436 | D:4      | Found a burning altar of Makhleb.
  2562 | D:4      | Noticed a phantom
  2588 | D:4      | Killed a phantom
  2588 | D:4      | Reached XP level 7. HP: 33/41 MP: 7/7
  2624 | D:4      | Found a blossoming altar of Fedhas.
  2796 | D:4      | Found a bloodstained altar of Trog.
  2814 | D:4      | Noticed an ogre
  2819 | D:4      | Killed an ogre
  2819 | D:4      | Reached skill level 8 in Maces & Flails
  3064 | D:4      | Found an iron altar of Okawaru.
  3136 | D:5      | Entered Level 5 of the Dungeon
  3513 | D:5      | Reached skill level 9 in Maces & Flails
  3513 | D:5      | Reached XP level 8. HP: 46/46 MP: 8/8
  3997 | D:5      | Found a sparkling altar of Nemelex Xobeh.
  3998 | D:5      | Found an iron altar of Okawaru.
  4004 | D:5      | Became a worshipper of Warmaster Okawaru
  4344 | D:6      | Reached skill level 10 in Maces & Flails
  4379 | D:6      | Found a stormy altar of Qazlal.
  4379 | D:6      | Found an ancient bone altar of Kikubaaqudgha.
  4396 | D:6      | Got a dazzling hand axe
  4397 | D:6      | Identified the +9 hand axe of Ycrar {chop, rF+} (You found it on level 6 of the Dungeon)
  4569 | D:6      | Reached * piety under Okawaru
  4631 | D:6      | Found a bloodstained altar of Trog.
  4710 | D:6      | Reached skill level 11 in Maces & Flails
  4711 | D:6      | Reached XP level 9. HP: 13/51 MP: 9/9
  4810 | D:6      | Noticed Dowan
  4811 | D:6      | Noticed Duvessa
  5058 | D:6      | Noticed Edmund
  5072 | D:6      | Killed Edmund
  5357 | D:6      | Killed Duvessa
  5378 | D:6      | Killed Dowan
  5442 | D:7      | Found a staircase to the Ecumenical Temple.
  5539 | D:7      | Reached ** piety under Okawaru
  5567 | D:7      | Reached skill level 12 in Maces & Flails
  6215 | D:7      | Found a shimmering altar of Xom.
  6324 | D:7      | Reached skill level 13 in Maces & Flails
  6956 | D:8      | Reached *** piety under Okawaru
  6956 | D:8      | Reached XP level 10. HP: 40/56 MP: 10/10
  7259 | D:8      | Found a burning altar of Makhleb.
  7294 | D:8      | Reached skill level 14 in Maces & Flails
  7614 | D:9      | Found a staircase to the Lair.
  9097 | Lair:1   | Entered Level 1 of the Lair of Beasts
  9111 | Lair:1   | Reached **** piety under Okawaru
  9260 | Lair:1   | Reached skill level 15 in Maces & Flails
  9436 | Lair:1   | Reached XP level 11. HP: 15/60 MP: 8/11
  9503 | Lair:1   | Noticed a black mamba
  9529 | Lair:1   | HP: 3/60 [black mamba (5)]
  9534 | Lair:1   | Killed a black mamba
  9539 | Lair:1   | Reached skill level 1 in Dodging
 10395 | Lair:2   | Noticed a four-headed hydra
 10410 | Lair:2   | Killed a four-headed hydra
 10410 | Lair:2   | Reached ***** piety under Okawaru
 10410 | Lair:2   | Received a gift from Okawaru
 10410 | Lair:2   | Reached skill level 5 in Fighting
 10918 | Lair:2   | Found a burning altar of Makhleb.
 10919 | Lair:2   | Got a twisted plate armour
 10935 | Lair:2   | Identified the +6 plate armour of Efyog {*Confuse +Inv rC+} (You found it on level 2 of the Lair of Beasts)
 11035 | Lair:2   | Noticed a seven-headed hydra
 11051 | Lair:2   | Killed a seven-headed hydra
 11051 | Lair:2   | Reached skill level 5 in Armour
 11051 | Lair:2   | Reached skill level 5 in Shields
 11256 | Lair:2   | Noticed Nergalle
 11258 | Lair:2   | Noticed a spectral orc warlord
 11271 | Lair:2   | Killed Nergalle
 11281 | Lair:2   | Received a gift from Okawaru
 11284 | Lair:2   | Got a pair of warped boots {god gift}
 11297 | Lair:2   | Identified the -4 pair of boots "Kozecr Resy" {+Fly rElec rF+++ Int-2} (Okawaru gifted it to you on level 2 of the Lair of Beasts)
 11384 | Lair:2   | Noticed a six-headed hydra
 11396 | Lair:2   | Killed a six-headed hydra
 11396 | Lair:2   | Reached XP level 12. HP: 35/73 MP: 9/12
 12001 | Lair:3   | Found a hole to the Spider Nest.
 12489 | Lair:3   | Got a slimy iron amulet
 12588 | Lair:3   | Identified the amulet "Nasism" {Spirit MR++ Stlth-} (You found it on level 3 of the Lair of Beasts)
 12690 | Lair:4   | Found a frozen archway.
 12708 | IceCv    | Entered an ice cave
 13199 | IceCv    | Noticed youngkai's ghost (adept MiBe)
 13339 | IceCv    | Mangled by youngkai's ghost

Action                   |  1- 3 |  4- 6 |  7- 9 | 10-12 || total
-------------------------+-------+-------+-------+-------++-------
Melee: Flail             |    16 |       |   214 |   300 ||   530
       Mace              |    79 |   235 |   147 |   239 ||   700
       Hand axe          |       |       |    67 |   232 ||   299
       Staff             |       |       |       |     3 ||     3
Invok: Heroism           |       |       |     3 |    11 ||    14
       Finesse           |       |       |       |     1 ||     1
  Use: Scroll            |       |    12 |       |    15 ||    27
       Potion            |       |       |       |     3 ||     3
  Eat: Chunk             |       |     6 |    13 |    16 ||    35
       Bread ration      |       |       |     1 |       ||     1
       Meat ration       |       |       |       |     1 ||     1
